Map: Acropolis LE

Players

Poo - Winner!

  • Race: Terran Terran
  • League: Diamond
  • Spawn Location: 11:00

VOD

Have the link to the VOD?

Description

Time

  • Played on: May 30, 2019, 7:47 p.m.
  • Length: 13:04
Show
View Real Time Build Order
Export as new Build Order

Poo Terran - Winner!

Build Orders: Mech 

Get SALT Encoding   

  12  0:02  SCV  
  12  0:14  SCV  
  12  0:18  Supply Depot  
  12  0:27  SCV  
  12  0:40  SCV  
  12  0:41  Barracks  
  12  0:47  Refinery  
  12  0:52  SCV  
  12  1:04  SCV  
  12  1:16  SCV  
  12  1:19  Supply Depot  
  12  1:28  Orbital Command  
  12  1:31  Marine  
  12  1:49  Command Center  
  12  1:55  SCV  
  12  2:03  Factory  
  12  2:04  Barracks Tech Lab  
  12  2:08  SCV  
  12  2:20  SCV  
  12  2:32  SCV  
  12  2:38  Refinery  
  12  2:44  SCV  
  12  2:54  Siege Tank  
  12  2:56  SCV  
  12  3:03  Bunker  
  12  3:08  Command Center  
  12  3:09  SCV, Orbital Command  
  12  3:21  SCV  
  12  3:30  Factory  
  12  3:36  SCV x2  
  12  3:38  Siege Tank  
  12  3:47  Engineering Bay  
  12  3:48  SCV x2  
  12  4:00  SCV  
  12  4:01  SCV  
  12  4:10  Siege Tank  
  12  4:12  SCV  
  12  4:13  SCV  
  12  4:18  Refinery  
  12  4:23  Factory Reactor  
  12  4:24  SCV  
  12  4:25  SCV  
  12  4:28  SCV, Armory  
  12  4:30  Missile Turret  
  12  4:33  Missile Turret  
  12  4:36  SCV, Refinery  
  12  4:37  SCV  
  12  4:46  Supply Depot  
  12  4:48  SCV, Supply Depot  
  12  4:49  SCV, Orbital Command  
  12  4:53  Siege Tank  
  12  5:00  SCV  
  12  5:01  SCV  
  12  5:04  Hellion x2  
  12  5:12  SCV  
  12  5:13  SCV  
  12  5:18  Supply Depot  
  12  5:25  SCV, Thor  
  12  5:30  SCV  
  12  5:32  Orbital Command  
  12  5:34  Supply Depot  
  12  5:37  SCV, Supply Depot x2  
  12  5:45  Factory  
  12  5:47  Factory  
  12  5:54  Hellbat x2  
  12  6:05  SCV  
  12  6:06  Armory  
  12  6:08  Thor  
  12  6:10  SCV x2  
  12  6:16  Refinery  
  12  6:17  SCV  
  12  6:18  Refinery  
  12  6:22  SCV x2  
  12  6:25  Supply Depot  
  12  6:27  Hellbat x2, Supply Depot x2  
  12  6:28  Missile Turret  
  12  6:31  Factory Tech Lab, Supply Depot  
  12  6:34  Factory Reactor  
  12  6:41  Supply Depot  
  12  6:48  Terran Vehicle Weapons Level 1  
  12  6:51  Thor  
  12  6:53  SCV, Terran Vehicle And Ship Armor Level 1  
  12  6:54  SCV x2  
  12  7:06  SCV x2  
  12  7:07  Hellbat x2, Thor  
  12  7:15  Command Center  
  12  7:23  Hellbat, Factory  
  12  7:24  Hellbat  
  12  7:26  Factory  
  12  7:33  Supply Depot  
  12  7:37  Supply Depot  
  12  7:38  Hellbat x2  
  12  7:41  Thor  
  12  7:45  SCV x3  
  12  8:02  Hellbat x2  
  12  8:03  Hellbat x2, Thor  
  12  8:05  Infernal Pre-Igniter  
  12  8:07  Smart Servos  
  12  8:10  SCV x2  
  12  8:12  SCV  
  12  8:22  SCV  
  12  8:24  SCV  
  12  8:25  SCV  
  12  8:27  Command Center  
  12  8:30  Hellbat x3  
  12  8:31  Hellbat  
  12  8:32  Factory Tech Lab  
  12  8:36  Factory Tech Lab  
  12  8:37  SCV x3  
  12  8:44  Thor  
  12  8:49  SCV x2  
  12  8:50  SCV  
  12  9:00  Sensor Tower  
  12  9:01  SCV  
  12  9:03  Sensor Tower  
  12  9:04  Refinery  
  12  9:07  Refinery  
  12  9:08  Hellbat x4  
  12  9:16  Supply Depot  
  12  9:20  Thor  
  12  9:22  Supply Depot  
  12  9:25  Supply Depot x2  
  12  9:28  Supply Depot  
  12  9:29  Supply Depot  
  12  9:31  Supply Depot  
  12  9:37  Thor  
  12  9:40  Planetary Fortress  
  12  9:44  Hellbat x4  
  12  9:48  Supply Depot  
  12  9:58  Factory  
  12  10:00  Factory  
  12  10:01  Factory  
  12  10:03  Factory  
  12  10:17  Factory  
  12  10:19  Factory  
  12  10:23  Planetary Fortress  
  12  10:25  Factory  
  12  10:28  SCV  
  12  10:55  Starport  
  12  10:56  Starport  
  12  10:59  Starport x2  
  12  11:02  Starport  
  12  11:03  Starport  
  12  11:08  Refinery  
  12  11:14  Refinery  
  12  11:39  Factory Tech Lab x3  
  12  11:40  Factory Reactor  
  12  11:45  Factory Reactor, Factory Tech Lab  
  12  11:47  Factory Reactor  
  12  11:49  Hellbat  
  12  11:50  Hellbat x3, Thor  
  12  11:51  Thor x3  
  12  11:56  Fusion Core, Starport Tech Lab  
  12  11:57  Starport Tech Lab x4  
  12  12:09  Starport Tech Lab  
  12  12:10  Command Center  
  12  12:14  SCV x3, Command Center  
  12  12:15  Command Center  
  12  12:18  Command Center  
Tags
 
Composition
Mech
League
Diamond
Race
Terran
Add a new tag
Caveats
  • Supply blocks, unpowered buildings, or Contaminate may cause inaccurate times.
  • Supply counts are checked every 10 seconds.